cohdb
Replays
Latest Replays
All Replays
Popular Replays
Top Player Replays
Match Explorer
How It Works
Community
CoH3 Stats
Reddit
Sign in to upload your games and track your stats! →
Sign in with Steam
Match 42895495
Unlisted
Match 42895495
Overview
Messages
Build Orders
End
Kettenkrad Recon Vehicle
Construct Infanterie Kompanie
Selects Terror Battlegroup
Selects Terror Battlegroup
MG 42 Machine Gun Team
Selects Machine Gun Camouflage
GrW 34 Mortar Team
MG 42 Machine Gun Team
Construct Panzergrenadier Kompanie
Pak 40 Anti-tank Gun Team
Panzergrenadier Squad
AI Takeover
[CoA] Deathkrieg
The Exile
Talion The Tark
admiral_gnar
Altair9527
wickedlucigamer
0
0
Comments
sign in to comment!
No comments posted yet!